 Dungeon Crawl Stone Soup version 0.30-a0-374-g95c0257040 (webtiles) character file.

Game seed: 9549336259120205938

31 arthad the Vexing (level 3, -6/25 HPs)
             Began as a Gnoll Hexslinger on Nov 26, 2022.
             Was a Follower of Hepliaklqana.
             Mangled by a gnoll
             ... wielding a +0 flail
              (9 damage)
             ... on level 2 of the Dungeon.
             The game lasted 00:02:32 (1166 turns).

arthad the Vexing (Gnoll Hexslinger)                Turns: 1166, Time: 00:02:33

Health: -6/25      AC:  2    Str:  9    XL:     3   Next: 22%
Magic:  7/7        EV: 13    Int: 14    God:    Hepliaklqana [*.....]
Gold:   59         SH:  0    Dex: 12    Spells: 6/7 levels left

rFire   + . .      SeeInvis +    a - +1 sling
rCold   + . .      Faith    .    (no shield)
rNeg    . . .      Spirit   .    c - +0 robe
rPois   .          Reflect  .    (no helmet)
rElec   .          Harm     .    n - scarf {rC+ rF+}
rCorr   .          Rampage  .    (no gloves)
Will    .....                    (no boots)
Stlth   +.........               g - amulet of magic regeneration
HPRegen 0.24/turn                f - ring of see invisible
MPRegen 0.50/turn                (no ring)

@: no status effects
A: reduced essence, fangs 1, strong nose, distributed training
a: Renounce Religion, Recall Ancestor, Ancestor Identity


You were on level 2 of the Dungeon.
You worshipped Hepliaklqana.
Hepliaklqana was aware of your devotion.
You visited 1 branch of the dungeon, and saw 2 of its levels.

You collected 85 gold pieces.
You spent 26 gold pieces at shops.

Inventory:

Hand Weapons
 a - a +1 sling (weapon)
Armour
 c - a +0 robe (worn)
 n - a scarf of resistance (worn)
Jewellery
 f - a ring of see invisible (left hand)
 g - an amulet of magic regeneration (around neck)
 l - the dreamshard necklace {*Dream Drain}
   (You found it on level 2 of the Dungeon)

   [amulet of nothing]

   It shatters if its wearer takes lethal or near-lethal damage, preventing the
   blow and releasing protective dreams that heal and fight for the wearer.
   Drain:     It drains your maximum health when unequipped.
Scrolls
 b - a scroll of poison
 d - 4 scrolls of identify
 i - a scroll of enchant armour {unknown}
 k - a scroll of torment {unknown}
 m - a scroll of butterflies {unknown}
 o - a scroll of vulnerability {unknown}
Potions
 e - 2 potions of mutation {unknown}
 h - a potion of curing {unknown}
 j - a potion of haste {unknown}


   Skills:
 + Level 2.6 Fighting
 + Level 0.7 Short Blades
 + Level 0.7 Long Blades
 + Level 0.7 Axes
 + Level 0.7 Maces & Flails
 + Level 0.7 Polearms
 + Level 0.7 Staves
 + Level 4.5 Ranged Weapons
 + Level 0.7 Throwing
 + Level 0.7 Armour
 + Level 4.5 Dodging
 + Level 0.7 Stealth
 + Level 0.7 Shields
 + Level 0.7 Unarmed Combat
 + Level 2.8 Spellcasting
 + Level 0.5 Conjurations
 + Level 5.4 Hexes
 + Level 0.5 Summonings
 + Level 0.5 Necromancy
 + Level 0.5 Translocations
 + Level 0.5 Transmutations
 + Level 0.5 Fire Magic
 + Level 0.5 Ice Magic
 + Level 0.5 Air Magic
 + Level 0.5 Earth Magic
 + Level 0.5 Poison Magic
 + Level 0.9 Invocations
 + Level 0.7 Evocations


You had 6 spell levels left.
You knew the following spells:

 Your Spells              Type           Power      Damage    Failure   Level
a - Slow                  Hex            68%        N/A       2%          1

Your spell library contained the following spells:

 Spells                   Type           Power      Damage    Failure   Level
 Inner Flame              Hex/Fire       10%        N/A       19%         3
 Portal Projectile        Hex/Tloc       20%        N/A       19%         3
 Cause Fear               Hex            8%         N/A       24%         4


Dungeon Overview and Level Annotations

Branches:
Dungeon (2/15)

Altars:
Hepliaklqana

Shops:
D:1 *


Innate Abilities, Weirdness & Mutations

Your life essence is reduced to manifest your ancestor. (-10% HP)
You have very sharp teeth.
Your uncanny sense of smell can sniff out nearby items.
Your experience applies equally to all skills.


Message History

You feel clever. x2
Doodybutt III remembers more of her old skill.
You shoot a sling bullet. Doodybutt III avoids your attack.
The sling bullet hits the gnoll but does no damage.
Doodybutt III hits the gnoll.
You shoot a sling bullet.
The sling bullet closely misses the gnoll.
The sling bullet hits the gnoll.
The gnoll is moderately wounded.
The gnoll hits you from afar with a +0 spear!
The gnoll hits Doodybutt III with a +0 flail.
Doodybutt III hits the gnoll.
You shoot a sling bullet. The sling bullet hits the gnoll.
The gnoll is heavily wounded.
The gnoll hits you from afar with a +0 spear!
The gnoll closely misses Doodybutt III.
Doodybutt III hits the gnoll.
You are too injured to fight recklessly!
You are too injured to fight recklessly!
You are too injured to fight recklessly!
Unknown command.
You are too injured to fight recklessly!
You are too injured to fight recklessly!
Aiming: Slow (safe; 2% risk of failure)
Press: ? - help, Q - select action, (/) - cycle Shift-Dir - straight line, f/p - gnoll
Aim: a gnoll, wielding a +0 spear (heavily wounded, ally target, chance to affect: 59%)
The gnoll seems to slow down.
Doodybutt III hits the gnoll.
The gnoll hits you from afar with a +0 spear!
* * * LOW HITPOINT WARNING * * *
Unknown command.
Fire: a) +1 sling
Press: ? - help, Shift-Dir - straight line, f/p - gnoll
Aim: a gnoll, wielding a +0 spear (almost dead, slow, ally target, 63% to hit)
You shoot a sling bullet.
The sling bullet barely misses the gnoll.
Doodybutt III hits the gnoll.
The gnoll dies!
Doodybutt III hits the gnoll but does no damage.
The gnoll hits you with a +0 flail!
You die...

#...........#.# #R#..#
#####.#.<.#####.#.# #....#
#.....#.........#.#####.##.
#.....#.........#.......##.
#.....#.........##########.
#.....#........... ..
#.....'........... ##
##.....##>.........
.........'..@g).....
###.....##....R.....
########..........
#.......... ###########


You could see the friendly Doodybutt III the ancestor and a gnoll (ally target).

Vanquished Creatures
  2 dart slugs (D:1)
  An endoplasm (D:2)
  A giant cockroach (D:1)
  2 goblins
  A hobgoblin (D:2)
  2 ball pythons (D:1)
  A bat (D:1)
  A frilled lizard (D:2)
  3 rats (D:1)
14 creatures vanquished.

Vanquished Creatures (collateral kills)
  2 gnolls (D:2)
  2 giant cockroaches (D:2)
  A quokka (D:2)
5 creatures vanquished.

Vanquished Creatures (others)
  A fungus (D:1)
1 creature vanquished.

Grand Total: 20 creatures vanquished

Notes
Turn   | Place    | Note
-------+----------+-------------------------------------------
     0 | D:1      | arthad the Gnoll Hexslinger began the quest for the Orb.
     0 | D:1      | Reached XP level 1. HP: 17/17 MP: 4/4
   125 | D:1      | Reached XP level 2. HP: 23/23 MP: 5/5
   306 | D:1      | Found Xockaag's General Store.
   316 | D:1      | Bought a scroll of identify for 26 gold pieces
   830 | D:1      | Found a faded altar of an unknown god.
   835 | D:1      | Prayed at the altar of an unknown god.
   835 | D:1      | Became a worshipper of Hepliaklqana the Forgotten
   835 | D:1      | Reached * piety under Hepliaklqana
   906 | D:2      | Found the dreamshard necklace {*Dream Drain}
  1162 | D:2      | Reached XP level 3. HP: 25/25 MP: 7/7
  1166 | D:2      | Mangled by a gnoll

Illustrated notes

Levels and vault maps discovered:
D:1:      co_arrival_random_square_maze, layout_loops_ring, serial_shops, shop,
          shapermc_ecumenical_altar_petra
D:2:      layout_basic

Action                   || total
-------------------------++-------
 Fire: Sling             ||    62
 Cast: Slow              ||     2
Invok: Ancestor Identity ||     1
Dodge: Dodged            ||     6

Table legend: (Time is in decaauts)
 A = Elapsed time spent in this place.
 B = Non-inter-level travel time spent in this place.
 C = Inter-level travel time spent in this place.
 D = Time resting spent in this place.
 E = Time spent auto-exploring this place.
 F = Levels seen in this place.
 G = Mean time per level.
                   A        B        C        D        E       F      G
               +--------+--------+--------+--------+--------+-----+--------+
         Total |   1175 |   1159 |     16 |      0 |   1017 |   2 |  587.5 |
       Dungeon |   1175 |   1159 |     16 |      0 |   1017 |   2 |  587.5 |
               +--------+--------+--------+--------+--------+-----+--------+

Top non-repeatable levels by time:
     D:1: 856 daAuts
     D:2: 319 daAuts
